 Dungeon Crawl Stone Soup version 0.31-a0-246-g8cbcc1cb85 (webtiles) character file.

Game seed: 11623783481138098441

56 qw the Shooter (level 3, -1/17 (29) HPs)
             Began as a Minotaur Hexslinger on July 12, 2023.
             Killed from afar by an orc wizard (3 damage)
             ... with a puff of flame
             ... on level 2 of the Dungeon.
             The game lasted 00:00:34 (1204 turns).

qw the Shooter (Minotaur Hexslinger)                Turns: 1204, Time: 00:00:34

HP:   -1/17 (29)    AC:  5    Str: 12    XL:     3   Next: 69%
MP:   3/3           EV: 11    Int: 10    God:
Gold: 103           SH:  0    Dex: 14    Spells: 3/4 levels left

rFire   . . .        c - +0 shortbow
rCold   . . .        (shield currently unavailable)
rNeg    . . .        f - +0 ring mail
rPois   .            (helmet restricted)
rElec   .            (no cloak)
rCorr   .            (no gloves)
SInv    .            (no boots)
Will    .....        (no amulet) Stlth
                     (no ring)
HPRegen 0.22/turn    (no ring)
MPRegen 0.08/turn

%: no passive effects
@: confused, very heavily drained
A: horns 2, retaliatory headbutt
a: no special abilities


You were on level 2 of the Dungeon.
You visited 1 branch of the dungeon, and saw 2 of its levels.

You collected 103 gold pieces.


Innate Abilities, Weirdness & Mutations

You have a pair of horns on your head.
You reflexively headbutt those who attack you in melee.


   Skills:
 - Level 2.0 Fighting
 + Level 4.1 Ranged Weapons
 - Level 1.0 Armour
 - Level 2.1 Dodging
 - Level 1.0 Spellcasting
 - Level 2.0 Hexes


You had 3 spell levels left.
You knew the following spells:

 Your Spells              Type           Power      Damage    Failure   Level
a - Slow                  Hex            16%        N/A       34%         1

Your spell library contained the following spells:

 Spells                   Type           Power      Damage    Failure   Level
 Inner Flame              Hex/Fire       2%         N/A       83%         3
 Portal Projectile        Hex/Tloc       4%         N/A       83%         3
 Cause Fear               Hex            2%         N/A       98%         4

Inventory:

Hand Weapons
 c - a +0 shortbow (weapon)
Armour
 f - a +0 ring mail (worn)
Jewellery
 d - a +5 ring of evasion
Scrolls
 a - 2 scrolls of identify
 b - a scroll of blinking {unknown}
Potions
 g - a potion of might {unknown}

Dungeon Overview and Level Annotations

Branches:
Dungeon (2/15)

Altars:


Message History

The orc wizard barely misses you.
You shoot an arrow.
The arrow hits the orc wizard but does no damage.
The orc wizard is heavily wounded.
The orc barely misses you.
The orc wizard hits you but does no damage.
You feel drained.
You shoot an arrow. The arrow hits the orc wizard.
The orc wizard is heavily wounded.
The orc closely misses you.
The orc wizard hits you with a +1 dagger of draining.
You feel drained. The orc hits you but does no damage.
You shoot an arrow. The arrow hits the orc wizard.
The orc wizard is almost dead.
The orc hits you but does no damage. The orc wizard closely misses you.
You shoot an arrow.
The arrow hits the orc wizard but does no damage.
The orc wizard is almost dead.
The orc hits you with a +0 short sword.
You shoot an arrow.
The arrow closely misses the orc wizard.
The orc barely misses you.
The orc wizard points at you and mumbles some strange words.
You are confused.
The orc hits you but does no damage.
The orc wizard hits you with a +1 dagger of draining.
You feel drained. The orc closely misses you.
The orc wizard points at you and mumbles some strange words.
You are more confused.
The orc hits you but does no damage. The orc wizard closely misses you.
The orc closely misses you. The orc hits you with a +0 short sword.
The orc wizard casts a spell.
The orc wizard flickers and vanishes!
The orc hits you with a +0 short sword.
You hear some strange, mumbled words.
A puff of flame appears from out of thin air!
The puff of flame hits you.
You die...

.......# #+# .......#
.......## #. ........#
#. ........# #.# #
........# #.. .#
......### #{## ##..#
...%#)# #{{##...#
......# #o@..# ...#..##
#>.###
.......########'###
..#......[...)....#
...%.###..........'....
##................#####
.%................#
..#......##########
........##


You could see an orc.

Vanquished Creatures
  An adder (D:2)
  2 dart slugs (D:2)
  5 bats
  An endoplasm (D:1)
  3 giant cockroaches (D:2)
  6 goblins
  4 hobgoblins
  4 jackals (D:2)
  4 kobolds
  2 quokkas (D:1)
  2 ball pythons
  2 frilled lizards (D:2)
  2 rats (D:1)
38 creatures vanquished.

Notes
Turn   | Place    | Note
-------+----------+-------------------------------------------
     0 | D:1      | qw the Minotaur Hexslinger began the quest for the Orb.
     0 | D:1      | Reached XP level 1. HP: 16/16 MP: 1/1
     0 | D:1      | 0 ||| qw: Version: 0.3-a-52-g30416fa
     0 | D:1      | 0 ||| qw: Game counter: 6267
     0 | D:1      | 0 ||| qw: Melee chars always use a shield: true
     0 | D:1      | 0 ||| qw: God list: Okawaru
     0 | D:1      | 0 ||| qw: Allow faded altars: false
     0 | D:1      | 0 ||| qw: Do Orc after clearing Dungeon:15 true
     0 | D:1      | 0 ||| qw: Do second Lair branch before Depths: true
     0 | D:1      | 0 ||| qw: Lair rune preference: random
     0 | D:1      | 0 ||| qw: Goals: Normal
     0 | D:1      | 0 ||| PLANNING D:1-11
   298 | D:1      | Reached skill level 3 in Ranged Weapons
   332 | D:1      | Reached XP level 2. HP: 23/23 MP: 2/2
   566 | D:1      | Found a faded altar of an unknown god.
   599 | D:1      | HP: 6/24 [rat (1)]
   742 | D:1      | 742 ||| UPGRADING to +0 ring mail.
   752 | D:1      | 752 ||| DROPPING +0 robe.
   753 | D:1      | 753 ||| READING 2 scrolls labelled PIAL YG ROBRU.
   754 | D:1      | 754 ||| DRINKING 2 white potions.
   755 | D:1      | 755 ||| DROPPING scroll of poison.
   884 | D:2      | Reached XP level 3. HP: 27/29 MP: 3/3
   939 | D:2      | 939 ||| SWAPPING to +0 shortbow.
   945 | D:2      | Reached skill level 4 in Ranged Weapons
   945 | D:2      | 945 ||| DROPPING +1 sling.
  1112 | D:2      | 1112 ||| Stepping ~*~*~tactically~*~*~ (outnumbered).
  1116 | D:2      | Reached skill level 1 in Armour
  1170 | D:2      | Identified the +9 flail of the Pit {venom, +Blink rElec
                  | Str-4 Stlth+}
  1178 | D:2      | 1178 ||| DRINKING 2 potions of curing.
  1178 | D:2      | 1178 ||| (to cure confusion)
  1185 | D:2      | 1185 ||| DRINKING potion of curing.
  1185 | D:2      | 1185 ||| (to cure confusion)
  1198 | D:2      | HP: 4/18 [orc/+0 short sword (4)]
  1203 | D:2      | HP: 3/17 [orc/+0 short sword (2)]
  1204 | D:2      | Killed from afar by an orc wizard

Levels and vault maps discovered:
D:1:      lemuel_arrival_rhombus, layout_loops_ring,
          chequers_ecumenical_altar_grove
D:2:      layout_basic, minmay_misc_feat_pillars, minmay_misc_feat_more_columns

Skill      XL: |  1  2  3 |
---------------+----------+-----
Ranged Weapons | 3 4 |  4.1
Fighting       | 2 |  2.0
Armour         | 1 |  1.0
Dodging        | |  2.1
Spellcasting   | |  1.0
Hexes          | |  2.0

Action                     || total
---------------------------++-------
   Fire: Sling             ||    86
         Shortbow          ||    56
    Use: Potion            ||     3
         Scroll            ||     1
 Armour: Ring mail         ||    39
         Robe              ||     7
  Dodge: Dodged            ||    64

Table legend:
 A = Non-vault XP
 B = Vault XP
 C = Vault XP percentage of total XP
 D = Non-vault monster count
 E = Vault monster count
 F = Vault count percentage of total count
                 A         B        C        D         E       F
            +---------+---------+-------+---------+---------+-------
      Total |      80 |       0 |   0.0 |      38 |       0 |   0.0
            +---------+---------+-------+---------+---------+-------
        D:1 |      20 |       0 |   0.0 |      13 |       0 |   0.0
        D:2 |      60 |       0 |   0.0 |      25 |       0 |   0.0
            +---------+---------+-------+---------+---------+-------
